 Dungeon Crawl Stone Soup version 0.20-a0-705-gbe8799e (webtiles) character file.

585 M4edhros the Ducker (level 7, -18/52 HPs)
             Began as a Kobold Chaos Knight on Feb 21, 2017.
             Demolished by a komodo dragon (44 damage)
             ... on level 1 of the Dungeon.
             The game lasted 00:08:43 (16593 turns).

M4edhros the Ducker (Kobold Chaos Knight)          Turns: 16593, Time: 00:08:44

Health: -18/52     AC:  9    Str:  9    XL:     7   Next: 64%
Magic:  7/7        EV: 26    Int:  8    God:    Xom [*.....]
Gold:   174        SH:  0    Dex: 26    Spells: 6/6 levels left

rFire    . . .     SeeInvis .   a - +0 spear (chaos)
rCold    + + .     Gourm    .   b - +2 leather armour
rNeg     . . .     Faith    .   (shield restricted)
rPois    +         Spirit   .   (helmet restricted)
rElec    +         Reflect  .   (no cloak)
rCorr    .         Harm     .   (no gloves)
MR       +....                  (no boots)
Stlth    +++.......             (no amulet)
Regen    0.2/turn               l - +4 ring of slaying
MPRegen  0.1/turn               e - ring "Etaidawn" {+Fly rElec rC+ AC+3 Int-5 Dex+4}

@: agile
A: antennae 1, repulsion field 1, carnivore 3, cold resistance 1, magic
resistance 1, poison resistance, robust 2, shaggy fur 1, evolution 1, sturdy
frame 1
a: Renounce Religion, Evoke Flight


You were on level 1 of the Dungeon.
You worshipped Xom.
You were a special plaything of Xom.
You were full.

You visited 1 branch of the dungeon, and saw 3 of its levels.

You collected 174 gold pieces.

Inventory:

Hand Weapons
 a - a +0 spear of chaos (weapon)
 d - a +2 dagger of venom
 o - a +0 hunting sling
Missiles
 j - 2 poisoned tomahawks (quivered)
 m - 6 sling bullets
 n - 46 stones
Armour
 b - a +2 leather armour (worn)
Jewellery
 e - the ring "Etaidawn" (left hand) {+Fly rElec rC+ AC+3 Int-5 Dex+4}
   (Xom gifted it to you on level 1 of the Dungeon)

   [ring of protection]

   It affects your AC (+3).
   It affects your intelligence (-5).
   It affects your dexterity (+4).
   It protects you from cold.
   It insulates you from electricity.
   It lets you fly.
 l - a +4 ring of slaying (right hand)
Scrolls
 f - 2 scrolls of identify {unknown}
 g - 3 scrolls of teleportation {unknown}
 i - a scroll of remove curse {unknown}
 q - a scroll of noise {unknown}
Potions
 p - a potion of brilliance {unknown}
Comestibles
 c - a royal jelly
 k - a bread ration


   Skills:
 + Level 5.0 Fighting
 - Level 3.9 Polearms
 * Level 1.0 Slings
 + Level 3.2 Armour
 + Level 5.2 Dodging


You had 6 spell levels left.
You didn't know any spells.

Dungeon Overview and Level Annotations

Branches:
Dungeon (3/15)

Altars:
Ru
Xom


Innate Abilities, Weirdness & Mutations

You are small and have problems with some larger weapons.
You are carnivorous and can eat meat at any time.
You have a pair of small antennae on your head.
You are surrounded by a mild repulsion field. (EV +2)
Your flesh is cold resistant. (rC+)
You are resistant to hostile enchantments. (MR+)
Your system is resistant to poisons. (rPois)
You are very robust. (+20% HP)
You are covered in fur. (AC +1)
You evolve.
Your movements are slightly less encumbered by armour. (ER -2)


Message History

The komodo dragon completely misses you.
You hit the komodo dragon but do no damage.
The komodo dragon is moderately wounded.
The komodo dragon completely misses you. x2
You hit the komodo dragon but do no damage.
The komodo dragon is moderately wounded.
The komodo dragon closely misses you.
You hit the komodo dragon but do no damage.
The komodo dragon is moderately wounded.
The komodo dragon bites you!!
Ouch! That really hurt!
You hit the komodo dragon.
Lightning courses through the komodo dragon!
The komodo dragon is severely wounded.
Xom makes a sudden noise!
You hear a piteous moan.
You hear a shout!
The komodo dragon bites you!!!
Ouch! That really hurt!
You die...
Xom laughs nastily!

#..######.#'### ####.####..#
#.............####.....###..#
#....)).......'....##....#..#
#####....###......#######....#..#
.............................#..#
####......#####.##########.†....#
................##...............
#..#.#..##########.######.#...#.#
..........).....@l.)..>##.#...#.#
.....#########..##.###.##.##.##.#


PP.PPPPPPPPPPP..##.# #.##.......# PPPPPPPPPPPPPP..##5###.##..#....#
PPPP.....PPPPP..##.....##).####.# PP..PPPPP..PPP..#########..####.#
P.PPP...PPP.PP..# #.......# P.PP.PPP.PP.PP..# ##.###### .PP.PP.PP.PP.P..####
#....... You could see a komodo dragon (berserk).

Vanquished Creatures
  A centaur skeleton (D:1)
  A bullfrog (D:1)
  A scorpion (D:1)
  Jessica (D:2)
  4 gnolls (D:2)
  4 adders
  3 worms (D:2)
  4 dart slugs
  2 leopard geckos
  4 bats
  6 giant cockroaches
  9 goblins
  8 hobgoblins
  2 jackals (D:2)
  2 quokkas (D:2)
  5 frilled lizards
  12 kobolds
  10 rats
79 creatures vanquished.

Vanquished Creatures (others)
  6 plants (D:1)
6 creatures vanquished.

Grand Total: 85 creatures vanquished

Notes
Turn   | Place    | Note
-------+----------+-------------------------------------------
     0 | D:1      | M4edhros the Kobold Chaos Knight began the quest for the Orb.
     0 | D:1      | Reached XP level 1. HP: 14/14 MP: 1/1
   171 | D:1      | Reached XP level 2. HP: 17/19 MP: 2/2
   177 | D:1      | Reached skill level 1 in Armour
   413 | D:1      | XOM: harmless Tloc miscast
   537 | D:1      | XOM: harmless Fire miscast
   933 | D:1      | XOM: divination: detect items
   966 | D:1      | XOM: divination: detect creatures
  1191 | D:1      | XOM: torment (11/19 hp)
  2072 | D:1      | XOM: noise
  2103 | D:1      | XOM: 1-stop teleportation journey
  2426 | D:1      | Reached XP level 3. HP: 20/23 MP: 3/3
  2495 | D:1      | XOM: summons 2 friendly demons
  2923 | D:1      | XOM: harmless Summ miscast
  2961 | D:1      | XOM: scenery: 2 doors close
  3198 | D:1      | XOM: god gift: 24 gold pieces
  3901 | D:1      | XOM is BORED!
  3901 | D:1      | XOM: summons 1 hostile demon
  4534 | D:1      | XOM: cloud trail
  4953 | D:1      | XOM: cloud trail
  5477 | D:1      | XOM: cloud trail
  6151 | D:1      | XOM: give mutations
  6151 | D:1      | Gained mutation: You evolve. [Xom's grace]
  6151 | D:1      | Gained mutation: You are surrounded by a mild repulsion field. (EV +2) [Xom's grace]
  6151 | D:1      | Gained mutation: You are robust. (+10% HP) [Xom's grace]
  6287 | D:1      | XOM: give mutations
  6287 | D:1      | Gained mutation: Your movements are slightly less encumbered by armour. (ER -2) [Xom's grace]
  6287 | D:1      | Gained mutation: You are covered in fur. (AC +1) [Xom's grace]
  6287 | D:1      | Gained mutation: Your system is resistant to poisons. (rPois) [Xom's grace]
  6330 | D:1      | Gained mutation: Your muscles are strong. (Str +2) [evolution]
  6342 | D:1      | XOM: scenery: create altars
  6360 | D:1      | XOM: scenery: create altars
  7621 | D:1      | Noticed a centaur warrior skeleton
  7694 | D:1      | Noticed a bullfrog
  7697 | D:1      | XOM: divination: detect items
  7701 | D:1      | XOM: butterfly on damage
  7703 | D:1      | Killed a bullfrog
  7703 | D:1      | Reached XP level 4. HP: 19/31 MP: 4/4
  7703 | D:1      | Reached XP level 5. HP: 22/36 MP: 5/5
  7724 | D:1      | Noticed a phantom
  7839 | D:1      | XOM: give mutation
  7839 | D:1      | Gained mutation: You are very robust. (+20% HP) [Xom's grace]
  8100 | D:1      | XOM: cloud trail
  8102 | D:1      | XOM: give mutations
  8102 | D:1      | Gained mutation: Your mind is acute. (Int +2) [Xom's grace]
  8102 | D:1      | Gained mutation: Your flesh is cold resistant. (rC+) [Xom's grace]
  8178 | D:1      | XOM: god gift: 38 gold pieces
  8259 | D:1      | XOM: god gift: 23 gold pieces
  8273 | D:1      | XOM: god gift: 2 poisoned tomahawks
  8688 | D:1      | XOM: summons 2 hostile demons
  8852 | D:1      | XOM: cast spell 'Summon Ice Beast'
  8854 | D:1      | XOM: noise
  8857 | D:1      | Reached XP level 6. HP: 39/48 MP: 6/6
  8857 | D:1      | Reached XP level 7. HP: 42/52 MP: 7/7
  9040 | D:1      | XOM: summons 6 friendly demons
  9128 | D:1      | XOM: medium Erth miscast
  9141 | D:1      | XOM: summons friendly iron imp
  9647 | D:1      | XOM: cloud trail
  9822 | D:1      | Noticed a komodo dragon
  9929 | D:1      | XOM: god gift: bread ration
 10705 | D:1      | XOM: give mutations
 10705 | D:1      | Gained mutation: You are resistant to hostile enchantments. (MR+) [Xom's grace]
 10705 | D:1      | Gained mutation: You have a pair of small antennae on your head. [Xom's grace]
 10718 | D:1      | XOM: god gift: bound lapis lazuli ring {god gift}
 10719 | D:1      | Got a bound lapis lazuli ring {god gift}
 10720 | D:1      | Identified the ring "Etaidawn" {+Fly rElec rC+ AC+3 Int-5 Dex+4} (Xom gifted it to you on level 1 of the Dungeon)
 12742 | D:2      | Reached skill level 5 in Dodging
 13250 | D:2      | Lost mutation: Your muscles are strong. (Str +2) [evolution]
 13358 | D:2      | XOM: noise
 13818 | D:2      | XOM: 2-stop teleportation journey
 14115 | D:2      | XOM: 2-stop teleportation journey
 14528 | D:2      | XOM: give mutation
 14528 | D:2      | Lost mutation: Your mind is acute. (Int +2) [Xom's mischief]
 15502 | D:2      | Reached skill level 5 in Fighting
 15613 | D:2      | Noticed Jessica
 15614 | D:2      | XOM: scenery: create altars
 15621 | D:2      | Killed Jessica
 15798 | D:2      | Found a sacrificial altar of Ru.
 15827 | D:2      | Reached skill level 1 in Slings
 15925 | D:2      | XOM: summons 3 hostile demons
 16489 | D:1      | XOM is BORED!
 16564 | D:1      | XOM: 2-stop teleportation journey
 16593 | D:1      | XOM: noise
 16593 | D:1      | Demolished by a komodo dragon

Vault maps used:
D:1:      roderic_crop_circles_arrival_small, feat_on_display
D:2:      minmay_misc_feat_doors, grunt_ministairs_2,
          nicolae_ru_the_path_less_chosen, uniq_jessica
D:3:      tso_metal_star, kennysheep_generic_room_16

Skill      XL: |  1  2  3  4  5  6  7 |
---------------+----------------------+-----
Armour         | 1 2 3 |  3.2
Dodging        | 3 4 5 |  5.2
Fighting       | 4 5 |  5.0
Polearms       | 3 |  3.9
Slings         | 1 |  1.0

Action                   |  1- 3 |  4- 6 |  7- 9 || total
-------------------------+-------+-------+-------++-------
Melee: Spear             |   131 |    54 |   169 ||   354
  Use: Potion            |     1 |     1 |     1 ||     3
 Stab: Sleeping          |     2 |       |     1 ||     3
       Confused          |     6 |       |       ||     6
       Petrified         |       |     1 |     2 ||     3
       Distracted        |       |     1 |       ||     1
  Eat: Chunk             |    20 |     1 |    16 ||    37
       Meat ration       |     1 |       |     1 ||     2
       Royal jelly       |     1 |       |       ||     1
Armor: Leather armour    |    12 |    13 |    36 ||    61
Dodge: Dodged            |    65 |    23 |   123 ||   211
